 Dungeon Crawl Stone Soup version 0.31-a0-221-gbddc013574 (webtiles) character file.

Game seed: 7968549481912209702

54 qw the Chopper (level 3, -2/23 HPs)
             Began as a Gargoyle Fighter on July 3, 2023.
             Slain by Sigmund
             ... wielding a +0 scythe
              (8 damage)
             ... on level 2 of the Dungeon.
             The game lasted 00:00:33 (1091 turns).

qw the Chopper (Gargoyle Fighter)                   Turns: 1091, Time: 00:00:34

Health: -2/23      AC: 10    Str: 21    XL:     3   Next: 91%
Magic:  3/3        EV:  9    Int:  8    God:
Gold:   85         SH:  4    Dex:  9    Spells: 2/2 levels left

rFire   . . .        Y - +1 war axe
rCold   . . .        c - +0 buckler
rNeg    + . .        b - +0 scale mail
rPois   inf          (no helmet)
rElec   +            (no cloak)
rCorr   .            (no gloves)
SInv    .            (no boots)
Will    .....        (no amulet) Stlth
                     (no ring)
HPRegen 0.23/turn    (no ring)
MPRegen 0.08/turn

%: no passive effects
@: no status effects
A: sickness immunity, AC +3, negative energy resistance 1, electricity
resistance, torment resistance 1, petrification resistance
a: no special abilities


You were on level 2 of the Dungeon.
You visited 1 branch of the dungeon, and saw 2 of its levels.

You collected 85 gold pieces.


Innate Abilities, Weirdness & Mutations

You are immune to sickness and miasma.
Your stone body is resilient. (AC +3)
You are immune to poison.
You resist negative energy. (rN+)
You are resistant to electric shocks. (rElec)
You are resistant to unholy torment.
You are immune to petrification.


   Skills:
 - Level 3.2 Fighting
 + Level 3.7 Axes
 - Level 3.2 Armour
 - Level 3.2 Shields


You had 2 spell levels left.
You didn't know any spells.
Your spell library was empty.

Inventory:

Hand Weapons
 a - a +0 mace
 Y - a +1 war axe (weapon)
Armour
 b - a +0 scale mail (worn)
 c - a +0 buckler (worn)
Potions
 d - 2 potions of might
 e - a potion of cancellation
 g - a potion of brilliance {unknown}

Dungeon Overview and Level Annotations

Branches:
Dungeon (2/15)

Altars:

Annotations:
D:2 Sigmund


Message History

The endoplasm barely misses you.
You feel less confused. The endoplasm barely misses you.
You slash the endoplasm!
You kill the endoplasm!
You start resting.
HP restored.
Done exploring.
(D) Dungeon
Where to? (* - list waypoints, Enter - D:2, ? - help)
What level of the Dungeon? (default 1, ? - help)
You climb downwards.
Level annotation: Sigmund
There is a stone staircase leading up here.
Sigmund is nearby!
Sigmund casts a spell.
Sigmund flickers and vanishes!
Deactivating autopickup; reactivate with Ctrl-A.
You swing at nothing.
You hear some strange, mumbled words.
Something tries to affect you, but you resist.
Something hits you but does no damage.
You swing at nothing.
You block something's attack.
You swing at nothing.
You swing at nothing.
Something hits you but does no damage.
You swing at nothing.
Something hits you.
You swing at nothing.
Something hits you.
You swing at nothing.
You hear some strange, mumbled words.
A puff of flame appears from out of thin air!
The puff of flame hits you.
You swing at nothing.
Something hits you!
You swing at nothing.
Something hits you!
You die...

######.#.####........>.
#.#.#......####..#
###.#........# ..
#.......##...#
...##.#.......#
........####..#####
########....{....#
#.........# #.....@...#
#.....<...# ###########


There were no monsters in sight!

Vanquished Creatures
  Terence (D:2)
  A ball python (D:1)
  3 bats (D:1)
  5 endoplasms
  A giant cockroach (D:1)
  A goblin (D:2)
  2 hobgoblins (D:1)
  6 jackals (D:1)
  A kobold (D:1)
  2 frilled lizards
  2 rats (D:1)
25 creatures vanquished.

Notes
Turn   | Place    | Note
-------+----------+-------------------------------------------
     0 | D:1      | qw the Gargoyle Fighter began the quest for the Orb.
     0 | D:1      | Reached XP level 1. HP: 14/14 MP: 1/1
     0 | D:1      | 0 ||| qw: Version: 0.3-a-40-ge99b1a8
     0 | D:1      | 0 ||| qw: Game counter: 499
     0 | D:1      | 0 ||| qw: Melee chars always use a shield: true
     0 | D:1      | 0 ||| qw: God list: Okawaru
     0 | D:1      | 0 ||| qw: Allow faded altars: false
     0 | D:1      | 0 ||| qw: Do Orc after clearing Dungeon:15 true
     0 | D:1      | 0 ||| qw: Do second Lair branch before Depths: true
     0 | D:1      | 0 ||| qw: Lair rune preference: random
     0 | D:1      | 0 ||| qw: Goals: Normal, Zot:1-4, Slime:5, God:TSO, Crypt,
                  | Tomb, Abyss, Pan, Hells, Win
     0 | D:1      | 0 ||| PLANNING D:1-11
    81 | D:1      | Found a faded altar of an unknown god.
   236 | D:1      | Reached XP level 2. HP: 19/19 MP: 2/2
   266 | D:1      | 266 ||| DROPPING +0 club.
   383 | D:1      | 383 ||| Stepping ~*~*~tactically~*~*~ (stealth).
   389 | D:1      | Reached skill level 3 in Axes
   873 | D:1      | 873 ||| READING scroll labelled PIMMU QIMUHOF.
   874 | D:1      | 874 ||| READING 2 scrolls labelled XAQIRCH UCVIE.
   875 | D:1      | 875 ||| READING scroll labelled GOUNKUSHYO.
   876 | D:1      | 876 ||| READING scroll labelled MOBIBR COKHLAIGUWE.
   877 | D:1      | 877 ||| READING scroll labelled SADADDAACO.
   881 | D:1      | 881 ||| READING scroll labelled SEXOOC ENOPTIKK.
   882 | D:1      | 882 ||| DROPPING scroll of noise.
   892 | D:2      | Reached XP level 3. HP: 23/23 MP: 3/3
   901 | D:2      | Found Nubras's Book Shop.
   903 | D:2      | Noticed Terence
   914 | D:2      | Killed Terence
   933 | D:2      | 933 ||| DROPPING +0 whip.
  1022 | D:2      | Noticed Sigmund
  1023 | D:2      | 1023 ||| Stepping ~*~*~tactically~*~*~ (hiding).
  1024 | D:2      | 1024 ||| Stepping ~*~*~tactically~*~*~ (hiding).
  1026 | D:2      | 1026 ||| Stepping ~*~*~tactically~*~*~ (stealth).
  1028 | D:2      | 1028 ||| Stepping ~*~*~tactically~*~*~ (hiding).
  1036 | D:2      | 1036 ||| FLEEEEING.
  1039 | D:2      | 1039 ||| FLEEEEING.
  1040 | D:2      | 1040 ||| FLEEEEING.
  1043 | D:2      | 1043 ||| FLEEEEING.
  1044 | D:2      | 1044 ||| FLEEEEING.
  1045 | D:2      | 1045 ||| FLEEEEING.
  1046 | D:2      | 1046 ||| FLEEEEING.
  1047 | D:2      | 1047 ||| FLEEEEING.
  1049 | D:2      | 1049 ||| FLEEEEING.
  1050 | D:2      | 1050 ||| FLEEEEING.
  1051 | D:2      | 1051 ||| STAIRDANCE
  1068 | D:1      | 1068 ||| READING scroll labelled CIASAG GEICLY.
  1069 | D:1      | 1069 ||| DRINKING 2 black potions.
  1072 | D:2      | 1072 ||| STAIRDANCE
  1091 | D:2      | Slain by Sigmund

Levels and vault maps discovered:
D:1:      elethiomel_arrival_maze, layout_loops_ring,
          shapermc_ecumenical_altar_acropolis
D:2:      minmay_diamond_boxcup, layout_rooms, serial_shops, shop, shop, shop,
          uniq_sigmund, uniq_terence

Skill      XL: |  1  2 |
---------------+-------+-----
Axes           | 2 3 |  3.7
Fighting       | |  3.2
Armour         | |  3.2
Shields        | |  3.2

Action                     || total
---------------------------++-------
  Melee: War axe           ||    70
    Use: Scroll            ||     7
         Potion            ||     1
 Armour: Scale mail        ||    48
  Dodge: Dodged            ||    35
  Block: Buckler           ||    13

Table legend:
 A = Non-vault XP
 B = Vault XP
 C = Vault XP percentage of total XP
 D = Non-vault monster count
 E = Vault monster count
 F = Vault count percentage of total count
                 A         B        C        D         E       F
            +---------+---------+-------+---------+---------+-------
      Total |      42 |      36 |  46.2 |      24 |       1 |   4.0
            +---------+---------+-------+---------+---------+-------
        D:1 |      35 |       0 |   0.0 |      20 |       0 |   0.0
        D:2 |       7 |      36 |  83.7 |       4 |       1 |  20.0
            +---------+---------+-------+---------+---------+-------
